 Dungeon Crawl Stone Soup version 0.21.1-1-g345015f (webtiles) character file.

75 inc the Sneak (level 4, 0/27 HPs)
             Began as an Octopode Enchanter on Apr 23, 2018.
             Slain by a hobgoblin
             ... wielding a +0 club
              (2 damage)
             ... on level 2 of the Dungeon.
             The game lasted 00:02:03 (1195 turns).

inc the Sneak (Octopode Enchanter)                  Turns: 1195, Time: 00:02:04

Health: 0/27       AC:  1    Str:  7    XL:     4   Next: 31%
Magic:  0/7        EV: 13    Int: 18    God:
Gold:   73         SH:  0    Dex: 12    Spells: 4/7 levels left

rFire    . . .     SeeInvis .   a - +1 dagger
rCold    . . .     Gourm    .   (no shield)
rNeg     . . .     Faith    .   (helmet restricted)
rPois    .         Spirit   .   (no amulet)
rElec    .         Reflect  .   (no ring)
rCorr    .         Harm     .   (no ring)
MR       .....                  (no ring)
Stlth    +++.......             (no ring)
HPRegen  0.09/turn              (no ring)
MPRegen  0.10/turn              (no ring)
                                (no ring)
                                (no ring)

@: no status effects
A: almost no armour, stealthy swim, amphibious, 8 rings, constrict 8, camouflage
1, gelatinous body 1
a: no special abilities


You were on level 2 of the Dungeon.
You were hungry.

You visited 1 branch of the dungeon, and saw 2 of its levels.

You collected 73 gold pieces.

Inventory:

Hand Weapons
 a - a +1 dagger (weapon)
Jewellery
 e - an uncursed amulet of faith {unknown}
Scrolls
 d - a scroll of teleportation {unknown}
 f - a scroll of noise {unknown}
 g - a scroll of identify {unknown}
 j - a scroll of fear {unknown}
 k - a scroll of magic mapping {unknown}
Books
 b - a book of Maledictions

   Spells                             Type                      Level
   a - Corona                         Hexes                        1
   b - Ensorcelled Hibernation        Hexes/Ice                    2
   c - Confuse                        Hexes                        3
   d - Tukima's Dance                 Hexes                        3
   e - Dazzling Spray                 Conjuration/Hexes            3
Comestibles
 c - 5 rations
 h - a chunk of flesh


   Skills:
 - Level 2.0 Short Blades
 - Level 2.0 Dodging
 - Level 4.0 Stealth
 - Level 2.0 Spellcasting
 - Level 3.0 Hexes
 + Level 3.2 Ice Magic


You had 4 spell levels left.
You knew the following spells:

 Your Spells              Type           Power        Failure   Level  Hunger
a - Corona                Hex            ##.....      5%          1    #......
b - Ensorcelled Hibernat  Hex/Ice        ##....       8%          2    ###....


Dungeon Overview and Level Annotations

Branches:
Dungeon (2/15)

Altars:


Innate Abilities, Weirdness & Mutations

You cannot wear most types of armour.
You are very stealthy in the water. (Stealth+)
You are amphibious.
You can wear up to eight rings at the same time.
You can use your tentacles to constrict eight enemies at once.
Your skin changes colour to match your surroundings (Stealth+).
Your rubbery body absorbs attacks. (AC +1, EV +1)


Message History

Unknown command.
It was a potion of cancellation.
You feel magically purged. The adder closely misses you.
The hobgoblin hits you with a club.
* * * LOW HITPOINT WARNING * * *
The hobgoblin closely misses you. The adder bites you but does no damage.
You hit the adder but do no damage. Your grab misses the adder.
Your squeeze misses the adder.
The adder is heavily wounded.
The hobgoblin barely misses you. The adder bites you.
* * * LOW HITPOINT WARNING * * *
The hobgoblin barely misses you.
Casting: Ensorcelled Hibernation
Confirm with . or Enter, or press ? or * to list all spells.
Aiming: Ensorcelled Hibernation
Press: ? - help, Shift-Dir - straight line, f - adder
Aim: an adder (heavily wounded, chance to defeat MR: 52%)
The adder looks drowsy...
You are feeling hungry.
The hobgoblin closely misses you. The hobgoblin hits you with a club.
You die...

...#...........#
...............#
####..............#
##....###............#
##.. .................#
#..######[....(........#
##..#K...##.............#
#.....(?..#.g...........#
#....!gr?.#KS@..#########
#..# #.g#..# #gS# #..#..#
##.## ##.##..#
#..######..#...#
##........##...#
###....###...## ######
....#


You could see an adder (sleeping), 2 hobgoblins and a kobold.

Vanquished Creatures
  Jessica (D:2)
  3 adders (D:2)
  A worm (D:2)
  A dart slug (D:1)
  A giant cockroach (D:1)
  A hobgoblin (D:1)
  A kobold (D:2)
  4 bats (D:1)
  3 frilled lizards
  A goblin (D:2)
  7 rats
24 creatures vanquished.

Notes
Turn   | Place    | Note
-------+----------+-------------------------------------------
     0 | D:1      | inc the Octopode Enchanter began the quest for the Orb.
     0 | D:1      | Reached XP level 1. HP: 11/11 MP: 3/3
   265 | D:1      | Reached XP level 2. HP: 17/17 MP: 5/5
   269 | D:1      | Learned a level 2 spell: Ensorcelled Hibernation
   869 | D:2      | Reached skill level 1 in Ice Magic
   881 | D:2      | Reached XP level 3. HP: 21/21 MP: 3/6
   888 | D:2      | Noticed Jessica
   893 | D:2      | Killed Jessica
  1002 | D:2      | Reached XP level 4. HP: 27/27 MP: 7/7
  1194 | D:2      | HP: 1/27 [adder (3)]
  1195 | D:2      | Slain by a hobgoblin

Skill      XL: |  1  2  3 |
---------------+----------+-----
Short Blades   | 2 |  2.0
Ice Magic      | 1 3 |  3.2
Dodging        | |  2.0
Stealth        | |  4.0
Spellcasting   | |  2.0
Hexes          | |  3.0

Action                   |  1- 3 |  4- 6 || total
-------------------------+-------+-------++-------
Melee: Dagger            |    36 |    12 ||    48
       Constrict         |     6 |     2 ||     8
       Tentacles         |     2 |       ||     2
 Cast: Ensorcelled Hiber |     4 |     6 ||    10
  Use: Potion            |       |     1 ||     1
 Stab: Sleeping          |    13 |     4 ||    17
  Eat: Chunk             |       |     1 ||     1
Armor: Skin              |     2 |     1 ||     3
Dodge: Dodged            |    18 |    22 ||    40
